 Dungeon Crawl Stone Soup version 0.31-a0-185-g9dded2c639 (webtiles) character file.

Game seed: 8828317824093950620

63 qw the Shooter (level 3, -2/20 HPs)
             Began as a Deep Elf Hunter on June 22, 2023.
             Slain by Terence
             ... wielding a +0 mace
              (7 damage)
             ... on level 2 of the Dungeon.
             The game lasted 00:00:24 (981 turns).

qw the Shooter (Deep Elf Hunter)                     Turns: 981, Time: 00:00:24

Health: -2/20      AC:  3    Str: 10    XL:     3   Next: 87%
Magic:  5/5        EV: 12    Int: 13    God:
Gold:   140        SH:  0    Dex: 18    Spells: 2/2 levels left

rFire   . . .        Y - +1 shortbow
rCold   . . .        (shield currently unavailable)
rNeg    + . .        c - +0 leather armour
rPois   .            (no helmet)
rElec   .            (no cloak)
rCorr   .            (no gloves)
SInv    .            (no boots)
Will    .....        (no amulet)
Stlth   ++           d - ring of positive energy
HPRegen 0.23/turn    (no ring)
MPRegen 0.09/turn

%: no passive effects
@: no status effects
A: no striking features
a: no special abilities


You were on level 2 of the Dungeon.
You visited 1 branch of the dungeon, and saw 2 of its levels.

You collected 140 gold pieces.


   Skills:
 - Level 1.5 Fighting
 + Level 7.3 Ranged Weapons
 - Level 2.4 Dodging
 - Level 1.2 Stealth


You had 2 spell levels left.
You didn't know any spells.
Your spell library was empty.

Inventory:

Hand Weapons
 Y - a +1 shortbow (weapon)
Armour
 c - a +0 leather armour (worn)
 f - a +0 ring mail
Jewellery
 d - a ring of positive energy (left hand)
Scrolls
 a - a scroll of identify
 g - a scroll of poison {unknown}
Potions
 b - a potion of ambrosia {unknown}
 e - a potion of mutation {unknown}

Dungeon Overview and Level Annotations

Branches:
Dungeon (2/15)

Altars:

Annotations:
D:2 Terence


Message History

Enter note:
Enter note:
Enter note:
Enter note:
Enter note: You shoot an arrow.
Terence shouts!
The arrow hits Terence.
Terence is moderately wounded.
You shoot an arrow. The arrow closely misses Terence.
You shoot an arrow. The arrow barely misses Terence.
You shoot an arrow. The arrow closely misses Terence.
You shoot an arrow. The arrow barely misses Terence.
You shoot an arrow. The arrow closely misses Terence.
You shoot an arrow. The arrow completely misses Terence.
Terence hits you with a +0 mace. x2
You shoot an arrow. The arrow hits Terence.
Terence is moderately wounded.
Terence shouts, "Now you die!" Terence barely misses you.
You shoot an arrow.
The arrow hits Terence but does no damage.
Terence is moderately wounded.
Terence barely misses you.
You shoot an arrow. The arrow barely misses Terence.
Terence hits you with a +0 mace!
You shoot an arrow. The arrow hits Terence!
Terence is severely wounded.
Terence bares his teeth.
Terence barely misses you.
You shoot an arrow.
The arrow hits Terence but does no damage.
Terence is severely wounded.
Terence barely misses you.
You shoot an arrow. The arrow hits Terence.
Terence is almost dead.
Terence barely misses you.
You shoot an arrow. The arrow completely misses Terence.
Terence hits you with a +0 mace!
You die...

#...........#..
...###.#.......#......
.....#.#...%.....#....
#.#...#.........##... #
#.....###.##.....##..
#.##.#..................
#.........#..######..#..
..............# #..###
......@@....#.## ####
.......####....# .......
##.%.### .......
###...#### .......
#.......# #######
#.....:.# #.......#
#########


You could see Terence.

Vanquished Creatures
  3 adders
  A worm (D:2)
  4 bats
  5 endoplasms
  A giant cockroach (D:1)
  4 goblins
  2 hobgoblins
  3 quokkas
  4 ball pythons
  2 frilled lizards
  A kobold (D:2)
  3 rats (D:2)
33 creatures vanquished.

Notes
Turn   | Place    | Note
-------+----------+-------------------------------------------
     0 | D:1      | qw the Deep Elf Hunter began the quest for the Orb.
     0 | D:1      | Reached XP level 1. HP: 12/12 MP: 3/3
     0 | D:1      | 0 ||| qw: Version: 0.3-a-9-g12657ce
     0 | D:1      | 0 ||| qw: Game counter: 1741
     0 | D:1      | 0 ||| qw: Always use a shield: true
     0 | D:1      | 0 ||| qw: God list: Okawaru
     0 | D:1      | 0 ||| qw: Allow faded altars: false
     0 | D:1      | 0 ||| qw: Do Orc after D:15 true
     0 | D:1      | 0 ||| qw: Do second Lair branch before Depths: true
     0 | D:1      | 0 ||| qw: Lair rune preference: random
     0 | D:1      | 0 ||| qw: Plans: Normal
     0 | D:1      | 0 ||| PLANNING D:1-11
    63 | D:1      | Found a faded altar of an unknown god.
   217 | D:1      | Reached skill level 6 in Ranged Weapons
   217 | D:1      | Reached XP level 2. HP: 16/16 MP: 4/4
   619 | D:1      | 619 ||| UPGRADING to ring of positive energy.
   620 | D:1      | 620 ||| READING 2 scrolls labelled KINWUJ CIUPTIR.
   621 | D:1      | 621 ||| READING scroll labelled BIEVEA WYGILU.
   622 | D:1      | 622 ||| DROPPING scroll of butterflies.
   637 | D:2      | 637 ||| STAIRDANCE
   640 | D:1      | HP: 3/16 [adder (4)]
   765 | D:2      | Reached XP level 3. HP: 20/20 MP: 5/5
   854 | D:2      | Reached skill level 7 in Ranged Weapons
   967 | D:2      | Noticed Terence
   977 | D:2      | HP: 4/20 [Terence/+0 mace (9)]
   981 | D:2      | Slain by Terence

Levels and vault maps discovered:
D:1:      lightli_arrival_windingriver, layout_loops_ring,
          shapermc_ecumenical_altar_notcrosses
D:2:      layout_rooms, serial_corexii_hall, chequers_hall_statues_corner_a,
          corexii_hall_statues_x, corexii_hall_statues_s,
          corexii_hall_statues_t, uniq_terence

Skill      XL: |  1  2  3 |
---------------+----------+-----
Ranged Weapons | 6 7 |  7.3
Fighting       | |  1.5
Dodging        | |  2.4
Stealth        | |  1.2

Action                     || total
---------------------------++-------
   Fire: Shortbow          ||    92
    Use: Scroll            ||     2
 Armour: Leather armour    ||    10
  Dodge: Dodged            ||    18

Table legend:
 A = Non-vault XP
 B = Vault XP
 C = Vault XP percentage of total XP
 D = Non-vault monster count
 E = Vault monster count
 F = Vault count percentage of total count
                 A         B        C        D         E       F
            +---------+---------+-------+---------+---------+-------
      Total |      90 |       0 |   0.0 |      33 |       0 |   0.0
            +---------+---------+-------+---------+---------+-------
        D:1 |      34 |       0 |   0.0 |      13 |       0 |   0.0
        D:2 |      56 |       0 |   0.0 |      20 |       0 |   0.0
            +---------+---------+-------+---------+---------+-------
